PL
GRAFTON MIDDIES @ BOSTON PATRIOTS
09/16/2020
 
TOP OF THE 1ST
Grafton Middies batting - Pitching for Boston Patriots : RHP Jorge Aguirre
Pitching: RHP Jorge Aguirre
Batting: RHB Raúl Robles 0-0: Called Strike
0-1: Ball
1-1: Swinging Strike
1-2: Ball
2-2: Ball
3-2: Foul Ball, location: 2F
3-2: Strikes out swinging
Batting: RHB Wes Bradley 0-0: Called Strike
0-1: Ball
1-1: SINGLE (Flyball, 9LS)
Batting: RHB Iván Vargas 0-0: Ball
1-0: DOUBLE (Flyball, 89D)
Wes Bradley to third
Batting: RHB Pedro Orozco 0-0: Ball
1-0: Ball
2-0: Ball
3-0: Base on Balls
Batting: LHB Mathew Rose 0-0: Called Strike
0-1: Foul Ball, location: 2F
0-2: Fly out, F5 (Popup, 5F)
Batting: RHB José Álvarez 0-0: Ball
1-0: Swinging Strike
1-1: Swinging Strike
1-2: Fly out, F8 (Flyball, 8RM)
Top of the 1st over - 0 run(s), 2 hit(s), 0 error(s), 3 left on base; Grafton 0 - Boston 0
BOTTOM OF THE 1ST
Boston Patriots batting - Pitching for Grafton Middies : RHP Vern Camp
Pitching: RHP Vern Camp
Batting: LHB Roberto Rodríguez 0-0: Ball
1-0: Called Strike
1-1: SINGLE (Groundball, 4MD)
Batting: LHB Bill Chambers 0-0: Called Strike
0-1: Foul Ball, location: 2F
0-2: Foul Ball, location: 2F
0-2: Fielders Choice at 2nd, 3-6 (Groundball, 3)
Batting: LHB Chad Armstrong 0-0: SINGLE (Flyball, 9LM)
Bill Chambers to second
Runner from 2nd tries for 3rd, SAFE, throw made to third
Batting: LHB Luis Rodríguez 0-0: DOUBLE (Line Drive, 7LM)
Bill Chambers scores
Chad Armstrong to third
Batting: RHB Manuel Villarreal 0-0: Swinging Strike
0-1: Swinging Strike
0-2: Strikes out swinging
Batting: RHB Tommy Jones 0-0: Swinging Strike
0-1: Fly out, F9 (Flyball, 89M)
Bottom of the 1st over - 1 run(s), 3 hit(s), 0 error(s), 2 left on base; Grafton 0 - Boston 1
TOP OF THE 2ND
Grafton Middies batting - Pitching for Boston Patriots : RHP Jorge Aguirre
Batting: RHB Justin Bingham 0-0: Ground out 5-3 (Groundball, 5)
Batting: RHB Nam-sup Yi 0-0: Ball
1-0: Foul Ball, location: 2F
1-1: Swinging Strike
1-2: Strikes out swinging
Batting: SHB Vern Camp 0-0: Foul Ball, location: 2F
0-1: Ball
1-1: Called Strike
1-2: Strikes out looking
Top of the 2nd over - 0 run(s), 0 hit(s), 0 error(s), 0 left on base; Grafton 0 - Boston 1
BOTTOM OF THE 2ND
Boston Patriots batting - Pitching for Grafton Middies : RHP Vern Camp
Batting: RHB John MacGregor 0-0: Called Strike
0-1: Called Strike
0-2: Ground out 6-3 (Groundball, 6)
Batting: RHB Jorge Aguirre 0-0: Swinging Strike
0-1: Foul Ball, location: 2F
0-2: Foul Ball, location: 2F
0-2: Ball
1-2: Strikes out swinging
Batting: RHB Wilfred McLaughlin 0-0: Ball
1-0: Ball
2-0: Foul Ball, location: 2F
2-1: Called Strike
2-2: SINGLE (Groundball, 56D)
Batting: LHB Roberto Rodríguez 0-0: Called Strike
0-1: Ball
Wild Pitch!
Wilfred McLaughlin to second
1-1: Swinging Strike
1-2: Strikes out swinging
Bottom of the 2nd over - 0 run(s), 1 hit(s), 0 error(s), 1 left on base; Grafton 0 - Boston 1
TOP OF THE 3RD
Grafton Middies batting - Pitching for Boston Patriots : RHP Jorge Aguirre
Batting: RHB Raúl Robles 0-0: Called Strike
0-1: Called Strike
0-2: Strikes out swinging
Batting: RHB Wes Bradley 0-0: Ground out 6-3 (Groundball, 6)
Batting: RHB Iván Vargas 0-0: Foul Ball, location: 2F
0-1: Called Strike
0-2: Ground out 5-3 (Groundball, 56)
Top of the 3rd over - 0 run(s), 0 hit(s), 0 error(s), 0 left on base; Grafton 0 - Boston 1
BOTTOM OF THE 3RD
Boston Patriots batting - Pitching for Grafton Middies : RHP Vern Camp
Batting: LHB Bill Chambers 0-0: Ball
1-0: Called Strike
1-1: Foul Ball, location: 2F
1-2: Foul Ball, location: 2F
1-2: Ground out 5-3 (Groundball, 5L)
Batting: LHB Chad Armstrong 0-0: Ball
1-0: Foul Ball, location: 2F
1-1: Foul Ball, location: 2F
1-2: Ball
2-2: Foul Ball, location: 2F
2-2: Ball
3-2: Base on Balls
Batting: LHB Luis Rodríguez 0-0: Foul Ball, location: 2F
0-1: Grounds into double play, 4-6-3 (Groundball, 34)
Bottom of the 3rd over - 0 run(s), 0 hit(s), 0 error(s), 0 left on base; Grafton 0 - Boston 1
TOP OF THE 4TH
Grafton Middies batting - Pitching for Boston Patriots : RHP Jorge Aguirre
Batting: RHB Pedro Orozco 0-0: SINGLE (Line Drive, 6MD)
Batting: LHB Mathew Rose 0-0: Ball
1-0: Called Strike
1-1: Ball
2-1: Grounds into double play, 1-6-3 (Groundball, 13)
Batting: RHB José Álvarez 0-0: Ball
1-0: Ground out 6-3 (Groundball, 6M)
Top of the 4th over - 0 run(s), 1 hit(s), 0 error(s), 0 left on base; Grafton 0 - Boston 1
BOTTOM OF THE 4TH
Boston Patriots batting - Pitching for Grafton Middies : RHP Vern Camp
Batting: RHB Manuel Villarreal 0-0: Swinging Strike
0-1: Swinging Strike
0-2: Ball
1-2: Ball
2-2: Ball
3-2: Strikes out swinging
Batting: RHB Tommy Jones 0-0: Called Strike
0-1: Foul Ball, location: 2F
0-2: Ground out 5-3 (Groundball, 5S)
Batting: RHB John MacGregor 0-0: Ball
1-0: Called Strike
1-1: SINGLE (Line Drive, 89S)
Batting: RHB Jorge Aguirre 0-0: Ground out 4-3 (Groundball, 34)
Bottom of the 4th over - 0 run(s), 1 hit(s), 0 error(s), 1 left on base; Grafton 0 - Boston 1
TOP OF THE 5TH
Grafton Middies batting - Pitching for Boston Patriots : RHP Jorge Aguirre
Batting: RHB Justin Bingham 0-0: Ball
1-0: Called Strike
1-1: Foul Ball, location: 2F
1-2: Strikes out swinging
Batting: RHB Nam-sup Yi 0-0: SINGLE (Line Drive, 8LS)
Batting: SHB Vern Camp 0-0: Sac Bunt - play at first, batter OUT! U3
Nam-sup Yi to second
Batting: RHB Raúl Robles 0-0: Called Strike
0-1: Foul Ball, location: 2F
0-2: Ball
1-2: Ground out U3 (Groundball, 3S)
Top of the 5th over - 0 run(s), 1 hit(s), 0 error(s), 1 left on base; Grafton 0 - Boston 1
BOTTOM OF THE 5TH
Boston Patriots batting - Pitching for Grafton Middies : RHP Vern Camp
Batting: RHB Wilfred McLaughlin 0-0: Foul Ball, location: 2F
0-1: Ball
1-1: Ball
2-1: Ball
3-1: Called Strike
3-2: Foul Ball, location: 2F
3-2: Base on Balls
Batting: LHB Roberto Rodríguez 0-0: Foul Ball, location: 2F
0-1: Foul Ball, location: 2F
0-2: Ball
1-2: Fielders Choice at 2nd, 1-6 (Groundball, 25)
Batting: LHB Bill Chambers 0-0: Ball
1-0: Ground out 3-1 (Groundball, 34)
Roberto Rodríguez to second
Batting: LHB Chad Armstrong 0-0: Ball
1-0: Swinging Strike
1-1: Ball
2-1: Foul Ball, location: 2F
2-2: Foul Ball, location: 2F
2-2: Ball
3-2: Ground out 4-3 (Groundball, 4S)
Bottom of the 5th over - 0 run(s), 0 hit(s), 0 error(s), 1 left on base; Grafton 0 - Boston 1
TOP OF THE 6TH
Grafton Middies batting - Pitching for Boston Patriots : RHP Jorge Aguirre
Batting: RHB Wes Bradley 0-0: Swinging Strike
0-1: Ball
1-1: Foul Ball, location: 2F
1-2: Ball
2-2: Ball
3-2: Base on Balls
Batting: RHB Iván Vargas 0-0: Ball
1-0: Called Strike
1-1: Fly out, F2 (Popup, 2LF)
Batting: RHB Pedro Orozco 0-0: Called Strike
0-1: Ball
1-1: SINGLE (Groundball, 6D)
Wes Bradley to second
Batting: LHB Mathew Rose 0-0: Ground out 3-1 (Groundball, 34S)
Wes Bradley to third
Pedro Orozco to second
Batting: RHB José Álvarez 0-0: Called Strike
0-1: Called Strike
0-2: Ball
1-2: Ball
2-2: Strikes out looking
Top of the 6th over - 0 run(s), 1 hit(s), 0 error(s), 2 left on base; Grafton 0 - Boston 1
BOTTOM OF THE 6TH
Boston Patriots batting - Pitching for Grafton Middies : RHP Vern Camp
Batting: LHB Luis Rodríguez 0-0: Ball
1-0: Called Strike
1-1: Foul Ball, location: 2F
1-2: Ball
2-2: Fly out, F8 (Flyball, 8RM)
Batting: RHB Manuel Villarreal 0-0: Called Strike
0-1: Ball
1-1: Ball
2-1: Foul Ball, location: 2F
2-2: Foul Ball, location: 2F
2-2: Foul Ball, location: 2F
2-2: Ball
3-2: SINGLE (Groundball, 25) (infield hit)
Batting: RHB Tommy Jones 0-0: Ball
1-0: Ball
2-0: Called Strike
2-1: SINGLE (Groundball, 6MD) (infield hit)
Manuel Villarreal to second
Pitching: RHP Mark Simmons
Now at SS: Brent Barlow
Batting: RHB John MacGregor 0-0: Called Strike
0-1: Foul Ball, location: 2F
0-2: Strikes out looking
Pinch Hitting: RHB Manuel Romo 0-0: Called Strike
0-1: Swinging Strike
0-2: Ball
1-2: Strikes out swinging
Bottom of the 6th over - 0 run(s), 2 hit(s), 0 error(s), 2 left on base; Grafton 0 - Boston 1
TOP OF THE 7TH
Grafton Middies batting - Pitching for Boston Patriots : RHP Jorge Aguirre
Pitching: RHP Earnest Casey
Batting: RHB Justin Bingham 0-0: Called Strike
0-1: Ball
1-1: Called Strike
1-2: Ball
2-2: Ball
3-2: Foul Ball, location: 2F
3-2: Foul Ball, location: 2F
3-2: Strikes out swinging
Batting: RHB Nam-sup Yi 0-0: Swinging Strike
0-1: Ground out 6-3 (Groundball, 6)
Batting: RHB Brent Barlow 0-0: Ball
1-0: Called Strike
1-1: Foul Ball, location: 2F
1-2: Strikes out swinging
Top of the 7th over - 0 run(s), 0 hit(s), 0 error(s), 0 left on base; Grafton 0 - Boston 1
BOTTOM OF THE 7TH
Boston Patriots batting - Pitching for Grafton Middies : RHP Mark Simmons
Batting: RHB Wilfred McLaughlin 0-0: Swinging Strike
0-1: Ball
1-1: Ball
2-1: Ground out 2-3 (Groundball, 2L)
Batting: LHB Roberto Rodríguez 0-0: Foul Ball, location: 2F
0-1: Foul Ball, location: 2F
0-2: Strikes out swinging
Batting: LHB Bill Chambers 0-0: Called Strike
0-1: Ball
1-1: Swinging Strike
1-2: Fly out, F7 (Flyball, 7S)
Bottom of the 7th over - 0 run(s), 0 hit(s), 0 error(s), 0 left on base; Grafton 0 - Boston 1
TOP OF THE 8TH
Grafton Middies batting - Pitching for Boston Patriots : RHP Earnest Casey
Batting: RHB Raúl Robles 0-0: Called Strike
0-1: Fly out, F8 (Flyball, 8LD)
Pinch Hitting: RHB José Peńa 0-0: Called Strike
0-1: Ball
1-1: Called Strike
1-2: Strikes out looking
Batting: RHB Iván Vargas 0-0: Ground out 4-3 (Groundball, 4M)
Top of the 8th over - 0 run(s), 0 hit(s), 0 error(s), 0 left on base; Grafton 0 - Boston 1
BOTTOM OF THE 8TH
Boston Patriots batting - Pitching for Grafton Middies : RHP Mark Simmons
Pitching: RHP Paco Vélez
Batting: LHB Chad Armstrong 0-0: Ball
1-0: Ball
2-0: Foul Ball, location: 2F
2-1: Called Strike
2-2: Foul Ball, location: 2F
2-2: Ball
3-2: Strikes out looking
Batting: LHB Luis Rodríguez 0-0: Ball
1-0: Called Strike
1-1: Fly out, F8 (Flyball, 8LS)
Batting: RHB Manuel Villarreal 0-0: Ball
1-0: Ball
2-0: Ball
3-0: Base on Balls
Batting: RHB Tommy Jones 0-0: Ball
1-0: Ball
2-0: Fielders Choice at 2nd, 6-4 (Groundball, 6)
Bottom of the 8th over - 0 run(s), 0 hit(s), 0 error(s), 0 left on base; Grafton 0 - Boston 1
TOP OF THE 9TH
Grafton Middies batting - Pitching for Boston Patriots : RHP Earnest Casey
Pitching: RHP Edgardo Marín
Now at SS: Bob Heller
Pinch Hitting: LHB Guillermo Romero 0-0: Called Strike
0-1: Foul Ball, location: 2F
0-2: Ball
1-2: Ball
2-2: Ball
3-2: Fly out, F6 (Line Drive, 6M)
Pinch Hitting: RHB Mal Bussard 0-0: Called Strike
0-1: Swinging Strike
0-2: Ball
1-2: Foul Ball, location: 2F
1-2: Fly out, F3 (Popup, 3F)
Batting: RHB José Álvarez 0-0: Called Strike
0-1: Ball
1-1: SINGLE (Flyball, 7S)
Batting: RHB Justin Bingham 0-0: Fielders Choice at 2nd, U6 (Groundball, 6M)
Top of the 9th over - 0 run(s), 1 hit(s), 0 error(s), 1 left on base; Grafton 0 - Boston 1
This league is powered by Out of the Park Baseball, the baseball management simulation game for PC, Mac and Linux
Friday, October 23rd, 2015 - OOTP Baseball 16.9 Build 39